 Dungeon Crawl Stone Soup version 0.22-a0-609-gfedc9ff (webtiles) character file.

84 Hebeh the Sneak (level 4, 0/24 HPs)
             Began as a Deep Elf Fire Elementalist on July 10, 2018.
             Slain by an orc priest
             ... wielding a +0 club
              (3 damage)
             ... on level 3 of the Dungeon.
             The game lasted 00:10:30 (2131 turns).

Hebeh the Sneak (Deep Elf Fire Elementalist)        Turns: 2131, Time: 00:10:31

Health: 0/24       AC:  4    Str:  6    XL:     4   Next: 24%
Magic:  3/11       EV: 13    Int: 20    God:
Gold:   156        SH:  0    Dex: 15    Spells: 4/10 levels left

rFire    . . .     SeeInvis .   a - +0 spear
rCold    . . .     Gourm    .   (no shield)
rNeg     + . .     Faith    .   n - +0 robe
rPois    .         Spirit   .   (no helmet)
rElec    .         Reflect  .   o - +0 cloak
rCorr    .         Harm     .   j - +0 pair of gloves
MR       .....                  (no boots)
Stlth    +++.......             (no amulet)
HPRegen  0.08/turn              p - ring of positive energy
MPRegen  0.12/turn              (no ring)

@: no status effects
A: no striking features
a: no special abilities


You were on level 3 of the Dungeon.
You were hungry.

You visited 1 branch of the dungeon, and saw 3 of its levels.

You collected 156 gold pieces.

Inventory:

Hand Weapons
 a - a +0 spear (weapon)
 b - a +0 hunting sling
 d - a +0 dagger
 m - a +0 short sword
Missiles
 g - 36 stones (quivered)
 i - 27 sling bullets
Armour
 j - a +0 pair of gloves (worn)
 n - a +0 robe (worn)
 o - a +0 cloak (worn)
Jewellery
 p - a ring of positive energy (left hand)
Scrolls
 e - 2 scrolls of remove curse
 f - 4 scrolls of teleportation {unknown}
 l - 2 scrolls of fog {unknown}
Potions
 h - 2 potions of degeneration {unknown}
 k - a potion of heal wounds {unknown}
 q - a potion of curing {unknown}
 r - a potion of invisibility {unknown}
Comestibles
 c - 2 rations
 s - a chunk of flesh


   Skills:
 - Level 2.5 Dodging
 - Level 4.0 Stealth
 + Level 3.8 Spellcasting
 + Level 2.2 Conjurations
 + Level 3.8 Fire Magic


You had 4 spell levels left.
You knew the following spells:

 Your Spells              Type           Power        Failure   Level  Hunger
a - Flame Tongue          Conj/Fire      ###..        3%          1    None
b - Throw Flame           Conj/Fire      ###...       5%          2    ##.....
c - Conjure Flame         Conj/Fire      ###.....     11%         3    ###....

Your spell library contained the following spells:

 Spells                   Type           Power        Failure   Level  Hunger
 Fireball                 Conj/Fire      ###.......   71%         5    ######.
 Sticky Flame             Conj/Fire      ###.....     36%         4    ####...
 Inner Flame              Hex/Fire       ##......     19%         3    ###....


Dungeon Overview and Level Annotations

Branches:
Dungeon (3/15)

Altars:


Message History

The orc priest hits you but does no damage.
The orc wizard hits you with a dagger. Something hits you.
You hit the orc priest but do no damage.
The orc priest is lightly wounded.
The orc priest calls down the wrath of Beogh upon you.
Beogh smites you!
* * * LOW HITPOINT WARNING * * *
The orc wizard begins to cast a cantrip, but forgets the words!
Something hits you but does no damage. The orc priest closely misses you.
Casting: Flame Tongue (safe; 3% risk of failure)
Confirm with . or Enter, or press ? or * to list all spells.
Aiming: Flame Tongue (safe; 3% risk of failure)
Press: ? - help, Shift-Dir - straight line, f/p - orc priest
Aim: an orc priest, wielding a club and wearing a ring mail (lightly wounded)
The flame tongue hits the orc priest.
The orc priest appears unharmed.
The orc priest is lightly wounded.
The orc wizard barely misses you. Something hits you.
* * * LOW HITPOINT WARNING * * *
The orc priest hits you with a club.
You die...

######## #......# ##
####......######
#....................
#####...# #....oo......
....#...#####...@.{).....
###.#...........###.(((..
#.##..........# ..(..
#.##..........# ...(
#...>....(....+ ...
#.[...........# (.
#.....).......# (
#.............#
#....##########


You could see an orc priest and an orc wizard.

Vanquished Creatures
  3 adders
  An ooze (D:2)
  2 worms
  A leopard gecko (D:2)
  2 orcs (D:3)
  3 giant cockroaches
  6 goblins (D:1)
  4 hobgoblins
  4 kobolds
  2 quokkas (D:2)
  7 bats
  3 frilled lizards
  6 rats
44 creatures vanquished.

Notes
Turn   | Place    | Note
-------+----------+-------------------------------------------
     0 | D:1      | Hebeh the Deep Elf Fire Elementalist began the quest for the Orb.
     0 | D:1      | Reached XP level 1. HP: 10/10 MP: 6/6
   140 | D:1      | Reached XP level 2. HP: 15/15 MP: 1/8
   244 | D:1      | Reached skill level 3 in Stealth
  1105 | D:2      | Reached XP level 3. HP: 19/19 MP: 7/9
  1317 | D:2      | Learned a level 2 spell: Throw Flame
  1321 | D:2      | Learned a level 3 spell: Conjure Flame
  2081 | D:3      | Reached skill level 4 in Stealth
  2081 | D:3      | Reached XP level 4. HP: 24/24 MP: 11/11
  2131 | D:3      | Slain by an orc priest

Vault maps used:
D:1:      minmay_arrival_doors, minmay_misc_feat_iff
D:3:      first_ration

Skill      XL: |  1  2  3 |
---------------+----------+-----
Stealth        | 3 4 |  4.0
Conjurations   | 2 |  2.2
Dodging        | |  2.5
Spellcasting   | |  3.8
Fire Magic     | |  3.8

Action                   |  1- 3 |  4- 6 || total
-------------------------+-------+-------++-------
Melee: Dagger            |     8 |       ||     8
       Spear             |       |     2 ||     2
 Fire: Hunting sling     |     2 |    14 ||    16
Throw: Stone             |    21 |       ||    21
 Cast: Flame Tongue      |    68 |    11 ||    79
  Use: Scroll            |     1 |       ||     1
  Eat: Chunk             |     3 |       ||     3
Armor: Robe              |     8 |     1 ||     9
Dodge: Dodged            |    23 |     3 ||    26

Table legend:
 A = Spawn XP
 B = Non-spawn XP
 C = Spawn XP percentage of total XP
 D = Spawn monster count
 E = Non-spawn monster count
 F = Spawn count percentage of total count
 G = Total turns spent on level
                    A         B        C        D         E        F      G
               +---------+---------+-------+---------+---------+-------+---------
         Total |       0 |     121 |   0.0 |       0 |      44 |   0.0 |  2131
               +---------+---------+-------+---------+---------+-------+---------
           D:1 |       0 |      33 |   0.0 |       0 |      21 |   0.0 |   853
           D:2 |       0 |      58 |   0.0 |       0 |      15 |   0.0 |  1148
           D:3 |       0 |      30 |   0.0 |       0 |       8 |   0.0 |   130
               +---------+---------+-------+---------+---------+-------+---------
